[Event "Romanian Open 2019"]
[Site "Alba Iulia"]
[Date "2019.10.28"]
[Round "1.1"]
[White "Istratescu, Andrei"]
[Black "Punin, Andrii"]
[Result "1/2-1/2"]
[ECO "E06"]
[WhiteElo "2564"]
[BlackElo "2310"]
[Annotator "ChessBase"]
[PlyCount "144"]
[EventDate "2019.10.28"]
[EventType "swiss"]
[EventCountry "ROU"]
[SourceTitle "playchess.com"]
[Source "ChessBase"]
[SourceQuality "1"]
[TimeControl "5400+30"]

1. d4 Nf6 2. c4 e6 3. g3 d5 4. Nf3 Be7 5. Bg2 O-O 6. O-O dxc4 7. Qc2 a6 8. a4 Bd7 9. Qxc4 Bc6 10. Bf4 Bd6 11. Qc1 a5 12. Nc3 Na6 13. Rd1 Nb4 14. Bg5 Be7 15. Ne5 Bxg2 16. Kxg2 Nd7 17. Bxe7 Qxe7 18. Nf3 c6 19. Qf4 Nb6 20. e4 f5 21. Qd2 Nc4 22. Qe2 Nd6 23. Rd2 Rae8 24. Re1 Qd8 25. b3 fxe4 26. Nxe4 Nxe4 27. Qxe4 Qd5 28. Re3 Qxe4 29. Rxe4 Nd5 30. Ne5 Re7 31. Re1 Nc7 32. Nc4 Ra8 33. Re5 b5 34. Na3 Nd5 35. Rc2 Nb4 36. Rce2 bxa4 37. bxa4 Rd7 38. R2e4 Rad8 39. Rxa5 Rxd4 40. Rxe6 Rd2 41. Nc4 Ra2 42. Ra7 Rf8 43. Ree7 Raxf2+ 44. Kh3 R8f7 45. Rxf7 Rxf7 46. Ra8+ Rf8 47. Rxf8+ Kxf8 48. Kg4 Ke7 49. Kf5 Kd7 50. h4 Nd5 51. a5 c5 52. a6 Kc6 53. Ke6 Nc7+ 54. Kf7 Nxa6 55. Kxg7 h5 56. Kg6 Kd5 57. Nb6+ Ke6 58. Kxh5 Kf7 59. Kg5 Kg7 60. h5 Nc7 61. Nc4 Ne6+ 62. Kh4 Nd4 63. g4 Nf3+ 64. Kg3 Ng5 65. Nd2 Kf6 66. Kf2 Ne6 67. Nf3 c4 68. Ke3 c3 69. Kd3 Kg7 70. Kxc3 Nf4 71. Nd4 Nxh5 72. gxh5 Kh6 1/2-1/2

[Event "Romanian Open 2019"]
[Site "Alba Iulia"]
[Date "2019.10.28"]
[Round "1.2"]
[White "Bhambure, Shantanu"]
[Black "Fedorov, Alexei"]
[Result "0-1"]
[ECO "E81"]
[WhiteElo "2291"]
[BlackElo "2551"]
[Annotator "ChessBase"]
[PlyCount "94"]
[EventDate "2019.10.28"]
[EventType "swiss"]
[EventCountry "ROU"]
[SourceTitle "playchess.com"]
[Source "ChessBase"]
[SourceQuality "1"]
[TimeControl "5400+30"]

1. d4 Nf6 2. c4 g6 3. Nc3 Bg7 4. e4 d6 5. f3 O-O 6. Be3 a6 7. Qd2 Nbd7 8. Nh3 c5 9. d5 b5 10. cxb5 Qa5 11. Nf2 Nb6 12. Be2 Nfd7 13. Bh6 Bxh6 14. Qxh6 Na4 15. Qd2 Nxc3 16. b6 Nxb6 17. Qxc3 Qxc3+ 18. bxc3 Bd7 19. c4 Rfb8 20. Kd2 Rb7 21. Rab1 Rab8 22. Rb3 a5 23. Bd3 a4 24. Rc3 e6 25. Nd1 exd5 26. exd5 Na8 27. Re1 Nc7 28. f4 Ne8 29. Bc2 Nf6 30. Ra3 Rb4 31. Ne3 Re8 32. g3 h5 33. Rc1 Kg7 34. Bd3 Rb2+ 35. Nc2 Ng4 36. Kc3 Rbb8 37. h4 Nf2 38. Re1 Rxe1 39. Nxe1 Nh1 40. Kc2 Re8 41. Kd2 Nxg3 42. Nf3 Ne4+ 43. Kc2 Nf2 44. Ng5 Re3 45. Kd2 Rg3 46. Rc3 Nxd3 47. Rxd3 Rg2+ 0-1

[Event "Romanian Open 2019"]
[Site "Alba Iulia"]
[Date "2019.10.28"]
[Round "1.3"]
[White "Manolache, Marius"]
[Black "Talu, Mircea"]
[Result "0-1"]
[ECO "E46"]
[WhiteElo "2548"]
[BlackElo "2288"]
[Annotator "ChessBase"]
[PlyCount "102"]
[EventDate "2019.10.28"]
[EventType "swiss"]
[EventCountry "ROU"]
[SourceTitle "playchess.com"]
[Source "ChessBase"]
[SourceQuality "1"]
[TimeControl "5400+30"]

1. d4 Nf6 2. c4 e6 3. Nc3 Bb4 4. e3 O-O 5. Bd2 b6 6. Qf3 d5 7. Bd3 Ba6 8. Nge2 Nbd7 9. a3 Bxc3 10. Bxc3 c5 11. Bc2 Bxc4 12. Rd1 Qe7 13. Qh3 Ne4 14. Bxe4 dxe4 15. Qg3 f5 16. Nf4 Nf6 17. dxc5 bxc5 18. Be5 Rad8 19. f3 Rxd1+ 20. Kxd1 Qd7+ 21. Kc1 Bb3 22. Qe1 Rd8 23. Bxf6 gxf6 24. fxe4 fxe4 25. Qe2 Kh8 26. Re1 e5 27. Nh3 c4 28. Nf2 Qc6 29. Nd1 Bxd1 30. Rxd1 Rd3 31. Kb1 Qb6 32. Rf1 c3 33. Qc2 Rxe3 34. Ka2 Qxb2+ 35. Qxb2 cxb2 36. Rxf6 Rb3 37. Kb1 e3 38. Rf5 Rb5 39. Rf3 Rb3 40. Rf5 e4 41. Rf4 Rxa3 42. Kxb2 Ra4 43. Rf1 Rd4 44. Kc3 Rd3+ 45. Kc4 Rd2 46. Re1 e2 47. g4 Kg7 48. h4 Kf6 49. Kc3 e3 50. Kc4 Ke5 51. g5 Kf5 0-1

[Event "Romanian Open 2019"]
[Site "Alba Iulia"]
[Date "2019.10.28"]
[Round "1.4"]
[White "Ognean, Mihnea-Ionut"]
[Black "Vedmediuc, Serghei"]
[Result "1-0"]
[ECO "E71"]
[WhiteElo "2285"]
[BlackElo "2457"]
[Annotator "ChessBase"]
[PlyCount "75"]
[EventDate "2019.10.28"]
[EventType "swiss"]
[EventCountry "ROU"]
[SourceTitle "playchess.com"]
[Source "ChessBase"]
[SourceQuality "1"]
[TimeControl "5400+30"]

1. d4 Nf6 2. c4 g6 3. Nc3 Bg7 4. e4 d6 5. h3 O-O 6. Be3 Nbd7 7. g4 a6 8. Nge2 c5 9. Bg2 cxd4 10. Nxd4 Ne5 11. b3 Qa5 12. Qd2 Bd7 13. O-O Rab8 14. f4 Nc6 15. Nde2 Rfd8 16. a3 b5 17. b4 Qc7 18. cxb5 axb5 19. Rac1 Qb7 20. a4 bxa4 21. b5 e5 22. bxc6 Bxc6 23. Rb1 Qa8 24. Nd5 Nxd5 25. exd5 Bb5 26. f5 a3 27. Ra1 Qa6 28. Rf2 Bc4 29. Nc3 Rb3 30. f6 Bf8 31. Bh6 Qb6 32. Bxf8 Kxf8 33. Be4 Rb2 34. Na4 Qxf2+ 35. Qxf2 Rxf2 36. Kxf2 a2 37. Nb6 Bb3 38. Bd3 1-0

[Event "Romanian Open 2019"]
[Site "Alba Iulia"]
[Date "2019.10.28"]
[Round "1.5"]
[White "Akash G"]
[Black "Bilych, Olexiy"]
[Result "1/2-1/2"]
[ECO "A05"]
[WhiteElo "2449"]
[BlackElo "2281"]
[Annotator "NA"]
[PlyCount "122"]
[EventDate "2019.10.28"]
[EventType "swiss"]
[EventCountry "ROU"]
[SourceTitle "playchess.com"]
[Source "ChessBase"]
[SourceQuality "1"]
[TimeControl "5400+30"]

1. Nf3 Nf6 2. g3 b6 3. d3 e6 4. e4 d5 5. e5 Nfd7 6. Bg2 Be7 7. O-O c5 8. Re1 Bb7 9. Nbd2 Nc6 10. Nf1 Qc7 11. Bf4 O-O-O 12. c3 Rdg8 13. h4 h6 14. h5 g5 15. hxg6 fxg6 16. d4 g5 17. Be3 h5 18. g4 hxg4 19. N3h2 Nf8 20. Rc1 Kb8 21. Nxg4 Ng6 22. Ng3 Nf4 23. f3 c4 24. Bf1 Bd8 25. Rc2 Ne7 26. Rh2 Nf5 27. Rxh8 Rxh8 28. Bxf4 gxf4 29. Nxf5 exf5 30. Nf6 Qg7+ 31. Bg2 Qg3 32. Qd2 Bc6 33. Kf1 Qg5 34. Re2 Be7 35. Rf2 Kc7 36. Ke1 Rh2 37. b3 b5 38. b4 Bf8 39. Kf1 Be7 40. Qc2 Kb7 41. a4 a6 42. axb5 axb5 43. Qc1 Bd8 44. Ra2 Bb6 45. Kg1 Rh8 46. Qe1 Rh6 47. Kf1 Rh2 48. Qf2 Rh6 49. Ke1 Rh2 50. Kd1 Rh8 51. Kc1 Rh2 52. Re2 Bd8 53. Qf1 Qh4 54. Qd1 Qg5 55. Bf1 Rxe2 56. Qxe2 Bxf6 57. exf6 Qxf6 58. Bh3 Bd7 59. Kd2 Kc8 60. Bf1 Qe6 61. Ke1 Qxe2+ 1/2-1/2

[Event "Romanian Open 2019"]
[Site "Alba Iulia"]
[Date "2019.10.28"]
[Round "1.6"]
[White "Gomes, Mary Ann"]
[Black "Andreev, Eduard"]
[Result "1/2-1/2"]
[ECO "B51"]
[WhiteElo "2268"]
[BlackElo "2435"]
[Annotator "NA"]
[PlyCount "114"]
[EventDate "2019.10.28"]
[EventType "swiss"]
[EventCountry "ROU"]
[SourceTitle "playchess.com"]
[Source "ChessBase"]
[SourceQuality "1"]
[TimeControl "5400+30"]

1. Nf3 c5 2. e4 d6 3. Bb5+ Nd7 4. O-O a6 5. Bd3 Ngf6 6. c3 b5 7. Qe2 Bb7 8. Bc2 e6 9. a4 Be7 10. Re1 b4 11. a5 Rc8 12. d3 O-O 13. Bd2 Ne5 14. Nxe5 dxe5 15. Be3 Ne8 16. Nd2 Nd6 17. cxb4 cxb4 18. Nf3 Nb5 19. Nxe5 Nd4 20. Bxd4 Qxd4 21. Nc4 Bc5 22. Red1 Kh8 23. Rd2 f5 24. Kh1 fxe4 25. dxe4 Rxf2 26. Qxf2 Qxf2 27. Rxf2 Bxf2 28. Rd1 g6 29. Bb3 Bc5 30. Ne5 Rc7 31. Bxe6 Bxe4 32. Bc4 Kg7 33. b3 Bb7 34. Nd7 Be7 35. h3 Bc8 36. Nb6 Bf5 37. Re1 Bh4 38. Re2 Bg3 39. Re3 Bf2 40. Re2 Bg3 41. Re3 Bf4 42. Nd5 Bxe3 43. Nxc7 Bf4 44. Nd5 Bd6 45. Bxa6 Bc5 46. Bb7 Bc2 47. a6 Bxb3 48. Nxb4 Ba4 49. Nd5 Kf7 50. Nc3 Bd7 51. Ne4 Ba7 52. Bc8 Bc6 53. Ng5+ Kg7 54. Ne6+ Kf6 55. Nf8 Kg7 56. Ne6+ Kf6 57. Nf8 Kg7 1/2-1/2

[Event "Romanian Open 2019"]
[Site "Alba Iulia"]
[Date "2019.10.28"]
[Round "1.7"]
[White "Pap, Misa"]
[Black "Yordanov, Lachezar"]
[Result "1-0"]
[ECO "B22"]
[WhiteElo "2432"]
[BlackElo "2260"]
[Annotator "NA"]
[PlyCount "107"]
[EventDate "2019.10.28"]
[EventType "swiss"]
[EventCountry "ROU"]
[SourceTitle "playchess.com"]
[Source "ChessBase"]
[SourceQuality "1"]
[TimeControl "5400+30"]

1. e4 c5 2. c3 d5 3. exd5 Qxd5 4. Nf3 Nf6 5. Na3 Bg4 6. Be2 Nc6 7. O-O e6 8. d3 Be7 9. Nc4 Bh5 10. Qb3 O-O 11. Bf4 Rac8 12. Rad1 Rfd8 13. Rfe1 b6 14. h3 h6 15. g4 Bg6 16. Bg3 Bh7 17. Qb5 Qd7 18. a4 Nd5 19. Nfe5 Nxe5 20. Nxe5 Qe8 21. Bf3 Bd6 22. Qa6 Bxe5 23. Bxe5 Qd7 24. d4 c4 25. Qb5 Bc2 26. Ra1 a5 27. Be2 Qxb5 28. axb5 f6 29. Bg3 Kf7 30. Rec1 Bb3 31. Bf3 g5 32. Be4 Rh8 33. Re1 h5 34. Kg2 hxg4 35. hxg4 Rce8 36. Ra3 Rc8 37. Raa1 Rce8 38. Re2 Rc8 39. Rae1 Rce8 40. Bf3 Ba4 41. Rxe6 Rxe6 42. Bxd5 Rhe8 43. Bxc4 Bxb5 44. Bxe6+ Rxe6 45. Rxe6 Kxe6 46. Bc7 a4 47. Bxb6 Bc4 48. Kf3 Bb3 49. Ke3 Bd1 50. c4 Bxg4 51. d5+ Kd7 52. Bd4 Bd1 53. Bxf6 g4 54. Ke4 1-0

[Event "Romanian Open 2019"]
[Site "Alba Iulia"]
[Date "2019.10.28"]
[Round "1.8"]
[White "Advait, Bagri"]
[Black "Harutjunyan, Gevorg"]
[Result "1/2-1/2"]
[ECO "B19"]
[WhiteElo "2231"]
[BlackElo "2428"]
[Annotator "NA"]
[PlyCount "82"]
[EventDate "2019.10.28"]
[EventType "swiss"]
[EventCountry "ROU"]
[SourceTitle "playchess.com"]
[Source "ChessBase"]
[SourceQuality "1"]
[TimeControl "5400+30"]

1. e4 c6 2. d4 d5 3. Nc3 dxe4 4. Nxe4 Bf5 5. Ng3 Bg6 6. h4 h6 7. Nf3 Nd7 8. h5 Bh7 9. Bd3 Bxd3 10. Qxd3 e6 11. Bd2 Ngf6 12. O-O-O Be7 13. Ne4 Qb6 14. Nxf6+ Bxf6 15. Bf4 c5 16. Ne5 cxd4 17. Nxd7 Kxd7 18. Be3 Rhd8 19. Bxd4 Bxd4 20. Qxd4+ Qxd4 21. Rxd4+ Ke7 22. Rg4 Kf8 23. Rh3 Rd5 24. Rhg3 Rad8 25. b3 Rf5 26. Rxg7 Rxf2 27. Rg8+ Ke7 28. Rxd8 Kxd8 29. Rf3 Rxf3 30. gxf3 Ke7 31. c4 Kf6 32. Kd2 Kg5 33. b4 Kxh5 34. c5 Kg5 35. b5 Kf6 36. a4 Ke7 37. f4 Kd7 38. Ke3 f6 39. Kf3 a5 40. Kg4 e5 41. f5 Ke7 1/2-1/2

[Event "Romanian Open 2019"]
[Site "Alba Iulia"]
[Date "2019.10.28"]
[Round "1.9"]
[White "Shishkin, Vadim"]
[Black "Sahil, Tickoo"]
[Result "1-0"]
[ECO "D37"]
[WhiteElo "2428"]
[BlackElo "2167"]
[Annotator "NA"]
[PlyCount "135"]
[EventDate "2019.10.28"]
[EventType "swiss"]
[EventCountry "ROU"]
[SourceTitle "playchess.com"]
[Source "ChessBase"]
[SourceQuality "1"]
[TimeControl "5400+30"]

1. d4 d5 2. c4 e6 3. Nf3 Nf6 4. Nc3 Be7 5. Bf4 O-O 6. e3 b6 7. Qc2 Ba6 8. Ne5 dxc4 9. Bxc4 Bxc4 10. Nxc4 Nd5 11. Bg3 Nxc3 12. Qxc3 Qd5 13. O-O c5 14. dxc5 Qxc5 15. Rac1 Na6 16. a3 Rfd8 17. b4 Qd5 18. f3 Qb7 19. Ne5 Bf6 20. Qc6 Qxc6 21. Nxc6 Rd3 22. e4 Bb2 23. Rc2 Bxa3 24. Rb1 Kf8 25. Kf1 Rc8 26. Ke2 Rd7 27. Rb3 Rxc6 28. Rxc6 Bxb4 29. Rd3 Ke7 30. Rc8 Rb7 31. Rdd8 f6 32. e5 f5 33. Bh4+ Kf7 34. Rc6 Be7 35. Bxe7 Kxe7 36. Rg8 Kf7 37. Rcc8 Nc5 38. Rb8 Rc7 39. Rbf8+ Kg6 40. Rc8 Rb7 41. f4 h6 42. Rb8 Rc7 43. Rgc8 Rd7 44. Rd8 Rc7 45. Rbc8 Rb7 46. h3 Kh5 47. Kf3 Kg6 48. g4 fxg4+ 49. hxg4 h5 50. Rc6 hxg4+ 51. Kxg4 Kf7 52. Rdc8 Rd7 53. R6c7 a5 54. Rxd7+ Nxd7 55. Rc7 Ke8 56. Ra7 Kd8 57. Kg5 Nc5 58. Rxg7 Nd7 59. f5 exf5 60. e6 Nc5 61. Kf6 Ne4+ 62. Kxf5 Nd6+ 63. Ke5 Nc4+ 64. Kf6 a4 65. e7+ Kd7 66. Rg8 Nd6 67. Rd8+ Kc7 68. Rxd6 1-0

[Event "Romanian Open 2019"]
[Site "Alba Iulia"]
[Date "2019.10.28"]
[Round "1.10"]
[White "Veress, Armand"]
[Black "David, Alexandru-Vasile"]
[Result "0-1"]
[ECO "B01"]
[WhiteElo "2159"]
[BlackElo "2424"]
[Annotator "NA"]
[PlyCount "56"]
[EventDate "2019.10.28"]
[EventType "swiss"]
[EventCountry "ROU"]
[SourceTitle "playchess.com"]
[Source "ChessBase"]
[SourceQuality "1"]
[TimeControl "5400+30"]

1. e4 d5 2. exd5 Nf6 3. Nf3 Bg4 4. Be2 Qxd5 5. d4 Nc6 6. O-O O-O-O 7. c4 Qf5 8. Be3 e6 9. Nbd2 Bd6 10. Qa4 Qh5 11. h3 Bxh3 12. gxh3 Qxh3 13. c5 Qg4+ 14. Kh1 Bf4 15. Bxf4 Qxf4 16. Rg1 Kb8 17. Nb3 e5 18. Rad1 g5 19. Qc4 g4 20. Nh2 exd4 21. Rg2 Ne4 22. Kg1 g3 23. fxg3 Qe3+ 24. Kh1 Nxg3+ 25. Rxg3 Qxg3 26. Nxd4 Nxd4 27. Rxd4 f5 28. Rf4 Rhg8 0-1

[Event "Romanian Open 2019"]
[Site "Alba Iulia"]
[Date "2019.10.28"]
[Round "1.11"]
[White "Omelja, Artem"]
[Black "Voinescu, David-Ioan"]
[Result "1-0"]
[ECO "A06"]
[WhiteElo "2424"]
[BlackElo "2159"]
[Annotator "NA"]
[PlyCount "133"]
[EventDate "2019.10.28"]
[EventType "swiss"]
[EventCountry "ROU"]
[SourceTitle "playchess.com"]
[Source "ChessBase"]
[SourceQuality "1"]
[TimeControl "5400+30"]

1. Nf3 d5 2. g3 Nf6 3. Bg2 Bf5 4. O-O e6 5. c4 c6 6. d3 Be7 7. b3 O-O 8. Bb2 Na6 9. Nbd2 Rc8 10. a3 Nd7 11. b4 Bf6 12. Qb3 Bxb2 13. Qxb2 Qf6 14. Qxf6 Nxf6 15. Rfc1 Rfe8 16. Ne5 Kf8 17. Nb3 Nb8 18. f4 Ke7 19. Kf2 Nbd7 20. Nxd7 Kxd7 21. e4 dxe4 22. dxe4 Bg6 23. h3 Kc7 24. Ke3 Nd7 25. c5 f6 26. Na5 Rcd8 27. Nc4 Re7 28. Rc3 e5 29. Nd6 b6 30. f5 Bf7 31. cxb6+ axb6 32. Nxf7 Rxf7 33. Rac1 Nb8 34. Bf1 Rfd7 35. Bc4 Rd1 36. Bd5 Rxc1 37. Rxc1 Kb7 38. Bb3 b5 39. g4 h6 40. h4 Kb6 41. Be6 Na6 42. Rc3 Rd4 43. Kf3 c5 44. bxc5+ Nxc5 45. Bd5 Rd3+ 46. Rxd3 Nxd3 47. g5 hxg5 48. hxg5 Kc5 49. gxf6 gxf6 50. Kg4 Ne1 51. Kh5 Kd6 52. Kg6 Ke7 53. Bc6 Nc2 54. Bxb5 Nd4 55. Bc4 Nc6 56. a4 Na7 57. Be6 Nc6 58. Bd5 Nb4 59. Bb7 Nc2 60. Kg7 Nd4 61. Bd5 Nc2 62. a5 Nd4 63. a6 Nb5 64. Bc6 Na7 65. Bd7 Kxd7 66. Kxf6 Nc6 67. Kg7 1-0

[Event "Romanian Open 2019"]
[Site "Alba Iulia"]
[Date "2019.10.28"]
[Round "1.12"]
[White "Mehmed, Elif"]
[Black "Filip, Lucian-Ioan"]
[Result "0-1"]
[ECO "A16"]
[WhiteElo "2122"]
[BlackElo "2418"]
[Annotator "NA"]
[PlyCount "54"]
[EventDate "2019.10.28"]
[EventType "swiss"]
[EventCountry "ROU"]
[SourceTitle "playchess.com"]
[Source "ChessBase"]
[SourceQuality "1"]
[TimeControl "5400+30"]

1. c4 Nf6 2. Nc3 c5 3. Nf3 e6 4. e3 g6 5. d4 Bg7 6. dxc5 Na6 7. e4 Nxc5 8. e5 Nfe4 9. Nxe4 Nxe4 10. Qd4 Qa5+ 11. Kd1 d5 12. Bd3 O-O 13. Bxe4 dxe4 14. Qxe4 Bd7 15. Bd2 Qa6 16. h4 Bc6 17. Qf4 Qb6 18. Ke2 Qxb2 19. Rab1 Qxa2 20. h5 Rad8 21. Rhd1 Qc2 22. Ra1 a6 23. Kf1 Qd3+ 24. Kg1 Bxf3 25. gxf3 Rd4 26. Bb4 Qxd1+ 27. Rxd1 Rxf4 0-1

[Event "Romanian Open 2019"]
[Site "Alba Iulia"]
[Date "2019.10.29"]
[Round "2.1"]
[White "Fedorov, Alexei"]
[Black "Manush Shah"]
[Result "1-0"]
[ECO "B12"]
[WhiteElo "2551"]
[BlackElo "2352"]
[Annotator "ChessBase"]
[PlyCount "83"]
[EventDate "2019.10.28"]
[EventType "swiss"]
[EventCountry "ROU"]
[SourceTitle "playchess.com"]
[Source "ChessBase"]
[SourceQuality "1"]
[TimeControl "5400+30"]

1. e4 c6 2. d4 d5 3. e5 Bf5 4. Nd2 e6 5. Nb3 c5 6. Nf3 c4 7. Nbd2 Nc6 8. c3 b5 9. Be2 h6 10. Nf1 Nge7 11. Ne3 Bh7 12. g3 Rb8 13. Nh4 Nc8 14. O-O Be7 15. Nhg2 b4 16. f4 bxc3 17. bxc3 Qa5 18. Qe1 Nxd4 19. cxd4 Bb4 20. Qf2 Bc3 21. f5 Bxa1 22. fxe6 O-O 23. exf7+ Kh8 24. Ng4 Qa6 25. e6 Qxe6 26. Ne5 Nd6 27. Nf4 Qf6 28. Ba3 Bb2 29. Bxd6 Qxd6 30. Bh5 Qb6 31. Nfg6+ Bxg6 32. Nxg6+ Kh7 33. Qf5 Qxd4+ 34. Rf2 Rxf7 35. Nf8+ Kg8 36. Qxf7+ Kh8 37. Ng6+ Kh7 38. Ne7 Ba3 39. Bg6+ Kh8 40. Nc6 Qa1+ 41. Rf1 Bc5+ 42. Kh1 1-0

[Event "Romanian Open 2019"]
[Site "Alba Iulia"]
[Date "2019.10.29"]
[Round "2.2"]
[White "Stoleriu, George"]
[Black "Pap, Misa"]
[Result "0-1"]
[ECO "C77"]
[WhiteElo "2351"]
[BlackElo "2432"]
[Annotator "NA"]
[PlyCount "62"]
[EventDate "2019.10.28"]
[EventType "swiss"]
[EventCountry "ROU"]
[SourceTitle "playchess.com"]
[Source "ChessBase"]
[SourceQuality "1"]
[TimeControl "5400+30"]

1. e4 e5 2. Nf3 Nc6 3. Bb5 a6 4. Ba4 Nf6 5. d3 Bc5 6. Nc3 b5 7. Bb3 d6 8. Bg5 h6 9. Bh4 Bg4 10. h3 Bxf3 11. Qxf3 Nd4 12. Qd1 a5 13. Bxf6 Qxf6 14. Nd5 Qd8 15. c3 Nxb3 16. axb3 c6 17. Ne3 Bxe3 18. fxe3 Qh4+ 19. Kd2 O-O 20. Qf3 a4 21. Rhf1 Qe7 22. bxa4 bxa4 23. Ra2 Qe6 24. Rfa1 f5 25. Ke2 fxe4 26. Qxe4 Qf7 27. Qc4 d5 28. Qh4 e4 29. Qg3 Rab8 30. Rd1 d4 31. c4 exd3+ 0-1

[Event "Romanian Open 2019"]
[Site "Alba Iulia"]
[Date "2019.10.29"]
[Round "2.3"]
[White "Gheorghiu, Calin"]
[Black "Shishkin, Vadim"]
[Result "0-1"]
[ECO "B45"]
[WhiteElo "2315"]
[BlackElo "2428"]
[Annotator "NA"]
[PlyCount "84"]
[EventDate "2019.10.28"]
[EventType "swiss"]
[EventCountry "ROU"]
[SourceTitle "playchess.com"]
[Source "ChessBase"]
[SourceQuality "1"]
[TimeControl "5400+30"]

1. e4 c5 2. Nf3 Nc6 3. d4 cxd4 4. Nxd4 e6 5. Nc3 d6 6. Be3 Nf6 7. f3 Be7 8. Qd2 a6 9. O-O-O O-O 10. g4 Nxd4 11. Qxd4 Nd7 12. Kb1 b5 13. h4 Ne5 14. Be2 Bb7 15. g5 Rc8 16. h5 Nc4 17. Bxc4 Rxc4 18. Qd2 Qc7 19. g6 Bf6 20. Qxd6 Qxd6 21. Rxd6 Bxc3 22. bxc3 Rxc3 23. Bd4 Rxf3 24. h6 fxg6 25. hxg7 Re8 26. Be5 Bxe4 27. Rd4 Re3 28. Bf4 Re2 29. Rh2 Re1+ 30. Bc1 Bd5 31. Kb2 Kxg7 32. Bh6+ Kg8 33. a4 Re4 34. c3 bxa4 35. Rf2 Rb8+ 36. Ka3 Re1 37. Rb4 Ra1+ 38. Kb2 Rxb4+ 39. Kxa1 Rb8 40. Rf4 a3 41. c4 e5 42. Rh4 Rb4 0-1

[Event "Romanian Open 2019"]
[Site "Alba Iulia"]
[Date "2019.10.29"]
[Round "2.4"]
[White "David, Alexandru-Vasile"]
[Black "Moksh Amit Doshi"]
[Result "0-1"]
[ECO "A48"]
[WhiteElo "2424"]
[BlackElo "2328"]
[Annotator "NA"]
[PlyCount "78"]
[EventDate "2019.10.28"]
[EventType "swiss"]
[EventCountry "ROU"]
[SourceTitle "playchess.com"]
[Source "ChessBase"]
[SourceQuality "1"]
[TimeControl "5400+30"]

1. d4 Nf6 2. Nf3 g6 3. Bg5 Bg7 4. Nbd2 O-O 5. c3 d6 6. e4 c5 7. dxc5 dxc5 8. Bc4 Nc6 9. O-O Qc7 10. Qe2 Na5 11. Bd3 h6 12. Bxf6 exf6 13. Nc4 Nxc4 14. Bxc4 f5 15. exf5 Bxf5 16. Rfe1 Bf6 17. Bd3 Bd7 18. Rad1 Kg7 19. Nd2 Rfe8 20. Qf3 Be5 21. h3 f5 22. Bc4 Bc6 23. Bd5 Bh2+ 24. Kf1 Rxe1+ 25. Rxe1 Bxd5 26. Qxd5 Rd8 27. Qe6 Rxd2 28. Qe7+ Qxe7 29. Rxe7+ Kf6 30. Rxb7 Bd6 31. Ke1 Rc2 32. a4 c4 33. Rb5 a6 34. Rb6 Ke5 35. f4+ Kd5 36. g3 g5 37. Kd1 Rh2 38. Rxa6 gxf4 39. gxf4 Bxf4 0-1

[Event "Romanian Open 2019"]
[Site "Alba Iulia"]
[Date "2019.10.29"]
[Round "2.5"]
[White "Talu, Mircea"]
[Black "Omelja, Artem"]
[Result "0-1"]
[ECO "A81"]
[WhiteElo "2288"]
[BlackElo "2424"]
[Annotator "NA RC"]
[PlyCount "84"]
[EventDate "2019.10.28"]
[EventType "swiss"]
[EventCountry "ROU"]
[SourceTitle "playchess.com"]
[Source "ChessBase"]
[SourceQuality "1"]
[TimeControl "5400+30"]

1. d4 f5 2. g3 Nf6 3. Bg2 g6 4. b3 Bg7 5. Bb2 O-O 6. Nf3 d6 7. O-O c6 8. Nbd2 a5 9. c4 Na6 10. Re1 Nd7 11. e4 f4 12. e5 dxe5 13. d5 cxd5 14. cxd5 Nb6 15. Bxe5 Nxd5 16. Nc4 e6 17. Nd4 Nac7 18. Bh3 fxg3 19. fxg3 Bxe5 20. Nxe5 Ra6 21. Qg4 Qf6 22. Rac1 Rd6 23. Re2 Qg7 24. Ndf3 b6 25. Ng5 Ba6 26. Ree1 Nf6 27. Qh4 h6 28. Rxc7 Qxc7 29. Qxh6 Qc5+ 30. Kh1 Bb7+ 31. Bg2 Bxg2+ 32. Kxg2 Qc2+ 33. Kh1 Rd1 34. Rxd1 Qxd1+ 35. Kg2 Qc2+ 36. Kh3 Rc8 37. Ngf7 Qf5+ 38. g4 Rc3+ 39. Kh4 Qf2+ 40. Kg5 Ne4+ 41. Kxg6 Qf6+ 42. Kh5 Rh3# 0-1

[Event "Romanian Open 2019"]
[Site "Alba Iulia"]
[Date "2019.10.29"]
[Round "2.7"]
[White "Nastore, Pavel-Alexandru"]
[Black "Secheres, Adrian-Simion"]
[Result "0-1"]
[ECO "A57"]
[WhiteElo "2030"]
[BlackElo "2397"]
[Annotator "NA"]
[PlyCount "58"]
[EventDate "2019.10.28"]
[EventType "swiss"]
[EventCountry "ROU"]
[SourceTitle "playchess.com"]
[Source "ChessBase"]
[SourceQuality "1"]
[TimeControl "5400+30"]

1. d4 Nf6 2. c4 c5 3. d5 b5 4. cxb5 a6 5. b6 d6 6. Nc3 Nbd7 7. e4 g6 8. Nf3 Bg7 9. Be2 O-O 10. O-O Rb8 11. a4 Rxb6 12. Nd2 Rb4 13. a5 Ne8 14. Nc4 Nc7 15. Na4 Rb8 16. Nab6 Nb5 17. Bg4 Nxb6 18. axb6 Bb7 19. Bh3 Nd4 20. Bd2 e6 21. Ne3 exd5 22. exd5 f5 23. Ba5 Qh4 24. f4 Rfe8 25. Ra3 Re4 26. Be1 Qe7 27. Bf2 Nb5 28. Re1 Nxa3 29. bxa3 Bd4 0-1

[Event "Romanian Open 2019"]
[Site "Alba Iulia"]
[Date "2019.10.29"]
[Round "2.8"]
[White "Banzea, Alexandru-Bogdan"]
[Black "Dev, Shah"]
[Result "1-0"]
[ECO "C77"]
[WhiteElo "2389"]
[BlackElo "2025"]
[Annotator "NA"]
[PlyCount "85"]
[EventDate "2019.10.28"]
[EventType "swiss"]
[EventCountry "ROU"]
[SourceTitle "playchess.com"]
[Source "ChessBase"]
[SourceQuality "1"]
[TimeControl "5400+30"]

1. e4 e5 2. Nf3 Nc6 3. Bb5 a6 4. Ba4 Nf6 5. d3 b5 6. Bb3 Be7 7. a3 d6 8. Bd2 O-O 9. O-O Be6 10. Bxe6 fxe6 11. b4 d5 12. Re1 Bd6 13. Bc3 d4 14. Bb2 a5 15. c3 axb4 16. cxb4 Nd7 17. Nbd2 Nb6 18. Rc1 Ne7 19. Ng5 Rf6 20. Qg4 Ng6 21. g3 h6 22. Ngf3 Na4 23. Bxd4 exd4 24. e5 Nxe5 25. Nxe5 Bxe5 26. Rxe5 Nb2 27. Qe4 Rxa3 28. Rxe6 Rxe6 29. Qxe6+ Kh8 30. Qf7 Qf6 31. Qe8+ Kh7 32. Qe4+ Qg6 33. Qxd4 Nxd3 34. Rxc7 Ne1 35. Qe5 Nf3+ 36. Nxf3 Rxf3 37. Qxb5 Rf6 38. Qc4 Qb1+ 39. Kg2 Rb6 40. Qd4 Rg6 41. h4 h5 42. Rc5 Rh6 43. Rg5 1-0

[Event "Romanian Open 2019"]
[Site "Alba Iulia"]
[Date "2019.10.29"]
[Round "2.9"]
[White "Bilych, Olexiy"]
[Black "Istratescu, Andrei"]
[Result "1/2-1/2"]
[ECO "B90"]
[WhiteElo "2281"]
[BlackElo "2564"]
[Annotator "ChessBase"]
[PlyCount "80"]
[EventDate "2019.10.28"]
[EventType "swiss"]
[EventCountry "ROU"]
[SourceTitle "playchess.com"]
[Source "ChessBase"]
[SourceQuality "1"]
[TimeControl "5400+30"]

1. e4 c5 2. Nf3 d6 3. d4 cxd4 4. Nxd4 Nf6 5. Nc3 a6 6. h3 e6 7. g4 h6 8. Bg2 Qc7 9. f4 Nc6 10. Nb3 Nd7 11. Be3 Be7 12. O-O b6 13. Qe1 Bb7 14. Rd1 Nc5 15. Qf2 O-O-O 16. Nxc5 dxc5 17. e5 Rxd1 18. Rxd1 Rd8 19. Re1 Nb4 20. Qe2 Bxg2 21. Qxg2 Qc6 22. Qxc6+ Nxc6 23. Kg2 h5 24. a3 hxg4 25. hxg4 Rh8 26. Ne4 g6 27. g5 Kc7 28. Rd1 Nb8 29. c3 c4 30. Rh1 Rxh1 31. Kxh1 Kc6 32. Kg2 Nd7 33. Kf3 b5 34. Bd4 a5 35. Ke3 Nb8 36. Nf2 Na6 37. Ng4 Kd7 38. Ke4 a4 39. Nh6 Ke8 40. Ng4 Kd7 1/2-1/2

[Event "Romanian Open 2019"]
[Site "Alba Iulia"]
[Date "2019.10.29"]
[Round "2.10"]
[White "Filip, Andrei"]
[Black "Akash G"]
[Result "0-1"]
[ECO "E68"]
[WhiteElo "2047"]
[BlackElo "2449"]
[Annotator "NA"]
[PlyCount "54"]
[EventDate "2019.10.28"]
[EventType "swiss"]
[EventCountry "ROU"]
[SourceTitle "playchess.com"]
[Source "ChessBase"]
[SourceQuality "1"]
[TimeControl "5400+30"]

1. Nf3 Nf6 2. c4 g6 3. d4 Bg7 4. g3 O-O 5. Bg2 d6 6. O-O Nbd7 7. Nc3 e5 8. e4 exd4 9. Nxd4 Re8 10. h3 Nc5 11. Re1 Bd7 12. Bf4 h6 13. Qc2 Nfxe4 14. Nxe4 Bxd4 15. Qd2 Rxe4 16. Bxe4 Qf6 17. Rab1 Bxh3 18. Bd5 Bf5 19. Bxh6 Bxb1 20. Rxb1 Re8 21. Bg5 Qf5 22. Rd1 Bxb2 23. Qxb2 Qxg5 24. Kg2 Qe5 25. Qc1 c6 26. Bf3 Re6 27. Qh6 Rf6 0-1